Map: Pillars of Gold LE

Players

Reynor - Winner!

  • Race: Zerg Zerg
  • Spawn Location: 7:00

Ragnarok (SHIN)

  • Race: Zerg Zerg
  • Spawn Location: 1:00

Event: TSL 6

VOD

Have the link to the VOD?

Description

Time

  • Played on: Dec. 19, 2020, 10:43 a.m.
  • Length: 11:22

All games in this series

Show
View Real Time Build Order
Export as new Build Order

Reynor Zerg - Winner!

Build Orders: Hatch First 

Get SALT Encoding   

  12  0:00  Drone  
  13  0:12  Overlord  
  13  0:17  Drone  
  14  0:30  Drone x2  
  16  0:49  Hatchery  
  15  0:52  Drone  
  15  0:55  Drone  
  17  1:00  Drone  
  18  1:09  Extractor  
  17  1:15  Spawning Pool  
  17  1:18  Drone  
  17  1:21  Drone  
  18  1:28  Drone  
  19  2:03  Zergling x8, Queen x2  
  27  2:12  Zergling x2  
  28  2:19  Overlord  
  27  2:32  Drone  
  27  2:37  Drone  
  27  2:39  Drone  
  27  2:43  Drone  
  30  2:48  Drone  
  30  2:50  Drone  
  32  2:56  Drone  
  33  2:59  Overlord  
  33  3:06  Drone  
  33  3:08  Drone  
  35  3:18  Drone x4  
  39  3:26  Metabolic Boost  
  36  3:34  Drone x3  
  39  3:44  Overlord  
  38  3:49  Hatchery, Drone x2  
  38  3:52  Drone x2  
  41  3:58  Evolution Chamber  
  41  3:59  Queen  
  41  4:01  Drone  
  43  4:03  Drone  
  43  4:04  Drone  
  43  4:09  Drone x3  
  48  4:14  Overlord  
  48  4:17  Drone x2  
  48  4:18  Drone  
  48  4:20  Drone  
  48  4:23  Overlord  
  52  4:32  Overlord  
  52  4:34  Zergling x6  
  52  4:37  Zergling x2  
  56  4:44  Zerg Ground Armor Level 1  
  56  4:45  Zergling x2  
  57  4:47  Zergling x2  
  57  4:48  Zergling x4  
  57  4:49  Zergling x2  
  61  4:55  Extractor  
  61  4:56  Extractor  
  61  4:57  Zergling x2  
  61  4:58  Drone  
  61  5:02  Drone  
  61  5:05  Roach Warren  
  61  5:11  Zergling x8  
  61  5:12  Overlord  
  61  5:13  Zergling x2  
  66  5:21  Zergling x8  
  69  5:24  Zergling x4  
  71  5:34  Zergling x6  
  73  5:39  Zergling x2  
  73  5:41  Overlord  
  73  5:42  Zergling x10  
  79  5:48  Roach x2  
  83  5:53  Roach  
  85  5:58  Roach x2  
  85  6:02  Roach x3  
  94  6:07  Roach x2  
  94  6:08  Overlord  
  98  6:19  Overlord  
  98  6:26  Zergling x10  
  98  6:27  Zergling x4  
  98  6:31  Ravager  
  106  6:38  Overlord x2  
  106  6:39  Zergling x4  
  110  6:40  Zergling x6  
  110  6:42  Ravager x2  
  110  6:43  Ravager  
  114  6:47  Overlord  
  114  6:50  Zerg Missile Weapons Level 1  
  114  6:52  Overlord x2  
  114  7:00  Zergling x4, Roach  
  114  7:01  Zergling x4, Ravager x2  
  119  7:05  Zergling x6  
  119  7:06  Zergling x4  
  121  7:17  Zergling x4, Roach  
  123  7:24  Drone x2  
  123  7:25  Lair  
  123  7:26  Queen, Drone  
  123  7:29  Drone x3  
  128  7:33  Drone x3  
  131  7:37  Drone  
  131  7:39  Overlord  
  131  7:41  Drone x4  
  136  7:51  Zergling x4  
  135  7:55  Roach x4  
  141  8:01  Roach x4  
  137  8:07  Roach x2  
  137  8:10  Extractor  
  137  8:11  Roach x3  
  146  8:15  Roach x2  
  146  8:19  Overlord  
  150  8:24  Roach x4  
  150  8:27  Roach  
  159  8:29  Overseer  
  159  8:31  Drone  
  160  8:34  Extractor  
  160  8:35  Drone, Glial Reconstitution  
  160  8:39  Drone  
  160  8:40  Drone x3  
  164  8:44  Roach  
  164  8:46  Roach  
  168  8:50  Overlord  
  168  8:52  Drone x2  
  170  8:57  Zerg Missile Weapons Level 2, Overlord x2  
  170  9:06  Hatchery  
  170  9:08  Roach x4  
  170  9:09  Roach  
  177  9:14  Overlord x3  
  177  9:19  Roach x3  
  177  9:22  Roach  
  185  9:26  Overlord  
  185  9:29  Overlord  
  185  9:32  Extractor  
  185  9:33  Roach x5  
  196  9:38  Roach x2  
  196  9:39  Overseer  
  196  9:41  Roach  
  200  9:53  Overlord  
  198  10:11  Spire  
  198  10:14  Roach x8  
  199  10:19  Roach  
  199  10:23  Roach x4  
  199  10:28  Roach x2  
  199  10:31  Drone  
  199  10:32  Drone x2  
  199  10:33  Overseer  
  199  10:34  Overseer x2  
  198  10:39  Overseer  
  198  10:49  Spine Crawler  
  197  10:50  Spine Crawler, Roach  
Show
View Real Time Build Order
Export as new Build Order

Ragnarok Zerg 

Build Orders: Pool First 

Get SALT Encoding   

  12  0:17  Spawning Pool  
  11  0:23  Drone  
  11  0:27  Drone  
  13  0:32  Drone  
  14  0:41  Overlord  
  14  1:04  Zergling x4  
  14  1:06  Zergling x2  
  17  1:17  Zergling x2  
  18  1:20  Hatchery  
  17  1:28  Zergling x2  
  18  1:37  Queen  
  20  1:41  Zergling x2  
  21  1:49  Overlord  
  21  1:59  Drone  
  22  2:10  Drone  
  22  2:13  Queen  
  25  2:22  Drone  
  25  2:32  Drone  
  25  2:34  Drone  
  25  2:42  Queen  
  27  2:44  Drone x2  
  27  2:47  Drone x2  
  27  2:49  Drone  
  29  2:57  Drone x2  
  31  3:04  Queen  
  33  3:10  Overlord  
  33  3:13  Extractor  
  33  3:16  Drone  
  33  3:17  Drone  
  34  3:22  Drone, Evolution Chamber  
  34  3:24  Drone  
  35  3:28  Drone  
  35  3:31  Drone  
  37  3:34  Drone  
  37  3:39  Drone  
  37  3:41  Drone  
  40  3:43  Drone  
  40  3:45  Drone  
  42  3:49  Extractor  
  42  3:51  Drone x2  
  43  3:56  Overlord  
  43  3:59  Overlord  
  43  4:10  Overlord  
  43  4:17  Roach Warren, Metabolic Boost  
  43  4:21  Zergling x8  
  46  4:25  Drone  
  47  4:39  Zergling x2, Hatchery  
  47  4:40  Zergling x4  
  47  4:42  Drone  
  47  4:45  Zerg Missile Weapons Level 1  
  50  4:47  Overlord  
  50  4:53  Zergling x6  
  50  4:57  Zergling x4  
  50  4:58  Zergling x2  
  56  5:01  Zergling x4  
  56  5:03  Zergling x2  
  59  5:09  Zergling x6  
  62  5:15  Zergling x4  
  62  5:17  Lair  
  64  5:23  Zergling x4  
  64  5:27  Zergling x6  
  69  5:35  Zergling x4  
  71  5:45  Drone x3  
  71  5:49  Overlord  
  74  5:54  Roach x2  
  77  5:59  Roach x2  
  77  6:02  Roach  
  77  6:04  Overlord x2  
  79  6:05  Overlord  
  78  6:12  Roach  
  78  6:13  Roach  
  78  6:16  Extractor  
  78  6:17  Drone x3  
  84  6:18  Roach  
  84  6:23  Roach  
  87  6:27  Roach  
  87  6:28  Overlord  
  88  6:33  Roach  
  88  6:36  Drone x2  
  92  6:41  Roach x2  
  92  6:43  Zergling x4  
  92  6:44  Zergling x6, Roach  
  103  6:48  Roach  
  103  6:49  Zergling x2  
  106  6:55  Roach x2  
  106  6:59  Overlord, Roach  
  112  7:02  Overlord  
  112  7:07  Roach  
  112  7:08  Roach  
  112  7:12  Roach x2  
  112  7:15  Roach  
  115  7:16  Zergling x2  
  115  7:19  Roach  
  115  7:21  Roach  
  119  7:27  Roach x2  
  116  7:37  Roach x3  
  116  7:38  Extractor, Roach  
  116  7:39  Roach  
  116  7:40  Zergling x2  
  126  7:45  Roach  
  126  7:46  Roach  
  126  7:50  Roach  
  130  7:52  Roach  
  130  7:56  Roach  
  130  8:00  Roach  
  132  8:10  Glial Reconstitution  
  132  8:12  Zergling x10  
  137  8:18  Overlord  
  137  8:19  Overlord x2  
  137  8:23  Zerg Missile Weapons Level 2  
  137  8:28  Overlord  
  137  8:38  Drone x5  
  137  8:40  Overseer  
  142  8:42  Drone  
  142  8:46  Overlord  
  143  8:51  Roach x2  
  147  8:58  Roach x2  
  151  9:04  Roach  
  152  9:11  Overlord  
  152  9:14  Roach x4  
  152  9:19  Roach x2  
  152  9:23  Overlord  
  152  9:24  Overlord  
  156  9:27  Overlord  
  156  9:31  Overlord  
  156  9:32  Overlord  
  154  9:43  Roach x4  
  154  9:44  Ravager x2  
  154  9:45  Ravager x2  
  166  9:46  Ravager  
  166  9:49  Roach  
  166  9:53  Roach x2  
  166  9:58  Roach x2  
  172  10:02  Overlord  
  172  10:04  Roach  
  172  10:05  Roach  
  170  10:09  Roach  
  166  10:16  Roach x2  
  166  10:20  Roach  
  166  10:21  Roach  
  166  10:26  Roach  
  166  10:27  Roach  
  157  10:30  Roach  
  157  10:36  Roach  
  157  10:40  Roach  
  161  10:45  Ravager x2  
  161  10:47  Roach  
  165  10:51  Roach  
  165  10:56  Roach  
Tags
 
Add a new tag
Caveats
  • Supply blocks, unpowered buildings, or Contaminate may cause inaccurate times.
  • Supply counts are checked every 10 seconds.